[Event "*** Titled Tuesday Blitz"]
[Site "Chess.com"]
[Date "2020.11.10"]
[Round "6"]
[White "kingofthenil"]
[Black "youngKID"]
[Result "0-1"]
[WhiteElo "2674"]
[BlackElo "2838"]
[TimeControl "180+1"]
[EndTime "11:09:55 PST"]
[Termination "youngKID won by resignation"]

1. d4 Nf6 2. c4 g6 3. Nc3 Bg7 4.
Nf3 O-O 5. Bg5 d6 6. e3 Nbd7 7.
h3 b6 8. Be2 Bb7 9. Qc2 h6 10.
Bh4 e5 11. O-O Re8 12. Rfe1 exd4 13. exd4 g5 14. Bg3 Ne4 15. Nxe4 Bxe4 16. Qd1 Qf6 17. Nd2 Qxd4 18. Nxe4 Rxe4 19. Bf3 Rxe1+ 20. Qxe1 Rd8 21.
Bd5 Be5 22. Rd1 Qxb2 23. Qe4 Bxg3 24. fxg3 Qe5 25. Qg6+ Qg7 26. Bxf7+ Kh8 27. Qe6 Ne5 28. Bh5 Rf8 29. Re1 Qf6 30. Qxf6+ Rxf6 31. Bf3 Rxf3 32.
Rxe5 dxe5 33. gxf3 Kg7 34. Kf2 Kf6 35. Ke3 Ke6 36. Ke4 c6 37. a4 a6 38. Kd3 b5 39.
cxb5 cxb5 40. axb5 axb5 41. Kc3 Kd5 42. Kb4 Kd4 43. f4 exf4 0-1

[Event "*** Titled Tuesday Blitz"]
[Site "Chess.com"]
[Date "2020.11.10"]
[Round "6"]
[White "Anna_ChessMate"]
[Black "Semen_Khanin"]
[Result "0-1"]
[WhiteElo "2615"]
[BlackElo "2790"]
[TimeControl "180+1"]
[EndTime "11:09:55 PST"]
[Termination "Semen_Khanin won on time"]

1. d4 Nf6 2. c4 e6 3. Nf3 d5 4.
Nc3 Bb4 5. Bg5 h6 6. Bxf6 Qxf6 7. Qa4+ Nc6 8. e3 O-O 9. cxd5 exd5 10. Be2 Be6 11. O-O a6 12. Rac1 Bd6 13. Rfd1 Ne7 14. e4 dxe4 15. Nxe4 Qf4 16. Nxd6 Qxd6 17. Qc2 Nd5 18.
Ne5 Rad8 19. Bf3 c6 20. a3 Rfe8 21. h3 f6 22. Nc4 Qf4 23. Qd2 Qxd2 24. Rxd2 Bf7 25.
Na5 Re7 26. Kf1 Rde8 27. b4 g5 28. g3 Kg7 29. Kg2 h5 30. Nc4 Rd8 31. Rcc2 h4 32.
Na5 hxg3 33. Kxg3 Nf4 34. h4 Rh8 35. hxg5 fxg5 36. Bg2 Nh5+ 37. Kg4 Be6+ 38. Kxg5 Kf8 39. Be4 Rg7+ 40. Bg6 Bf7 41. d5 Bxg6 0-1

[Event "*** Titled Tuesday Blitz"]
[Site "Chess.com"]
[Date "2020.11.10"]
[Round "6"]
[White "xLuring1"]
[Black "mishanick"]
[Result "0-1"]
[WhiteElo "2373"]
[BlackElo "3025"]
[TimeControl "180+1"]
[EndTime "11:09:55 PST"]
[Termination "mishanick won by resignation"]

1. e4 c5 2. Nf3 d6 3. d4 cxd4 4. Nxd4 Nf6 5. Nc3 a6 6. a4 e5 7.
Nb3 Qc7 8. a5 Be7 9. Be2 Be6 10.
O-O Nc6 11. Nd5 Bxd5 12. exd5 Nb8 13. c4 Nbd7 14. Be3 O-O 15. Rc1 Ne4 16. Kh1 Rad8 17. f3 Nec5 18. Nxc5 dxc5 19. Bd2 Bd6 20. Bc3 f5 21. Bd3 g6 22. b3 Rde8 23. Qc2 Re7 24. Rce1 Nf6 25. Qd2 Nh5 26. Qg5 Nf4 27. Bc2 Ref7 28.
g3 Nh5 29. Re2 Re8 30. Rfe1 Ng7 31. Qc1 Rfe7 32. Qb2 Nh5 33. Qc1 Nf6 34. Qg5 Kf7 35. f4 Ng4 36. h3 exf4 37. Rxe7+ Bxe7 38. Rxe7+ Qxe7 39. Qxf4 Ne3 40. Bd3 Nd1 41. Bd2 Qe5 42.
Qf3 Qd4 43. d6 Nf2+ 44. Kh2 Nxd3 45. Qxb7+ Kg8 0-1

[Event "*** Titled Tuesday Blitz"]
[Site "Chess.com"]
[Date "2020.11.10"]
[Round "6"]
[White "MariaFominykh"]
[Black "redbaron8888"]
[Result "0-1"]
[WhiteElo "2354"]
[BlackElo "2543"]
[TimeControl "180+1"]
[EndTime "11:09:55 PST"]
[Termination "redbaron8888 won on time"]

1. d4 Nf6 2. c4 e6 3. g3 Bb4+ 4. Bd2 a5 5. Bg2 O-O 6. a3 Bxd2+ 7. Qxd2 d5 8. Nc3 b6 9. cxd5 exd5 10. Nf3 c6 11. Ne5 Nfd7 12. Nd3 Na6 13. O-O Nc7 14. b4 Ba6 15. bxa5 Bxd3 16. Qxd3 Rxa5 17. Rfc1 Qa8 18. e4 Rxa3 19. Rxa3 Qxa3 20. Qc2 Ne6 21. Qd1 dxe4 22. Bxe4 Qd6 23. d5 cxd5 24. Nxd5 Rd8 25. Qh5 g6 26. Qh4 Re8 27. Rc6 Qe5 28. Nxb6 Nxb6 29.
Rxb6 Ng5 30. Bc6 Re6 31. Kg2 Rxc6 32. Rxc6 Qd5+ 33. Kf1 Qd3+ 34. Kg2 Qf3+ 35. Kf1 Qd1+ 36. Kg2 Qd5+ 37. Kf1 Nf3 38. Qc4 Nd2+ 0-1

[Event "*** Titled Tuesday Blitz"]
[Site "Chess.com"]
[Date "2020.11.10"]
[Round "6"]
[White "SerGo055"]
[Black "Sofiia_Hryzlova"]
[Result "1-0"]
[WhiteElo "2446"]
[BlackElo "2291"]
[TimeControl "180+1"]
[EndTime "11:09:55 PST"]
[Termination "SerGo055 won by resignation"]

1. d4 Nf6 2. Nf3 d5 3. c4 e6 4. Nc3 Nbd7 5. Bg5 h6 6. Bh4 g5 7. Bg3 c6 8. e3 Ne4 9. Nxe4 dxe4 10. Nd2 Nf6 11. Be2 h5 12. Be5 Bb4 13. O-O Bxd2 14. Qxd2 Rh6 15. f3 g4 16. Bxf6 Qxf6 17. fxe4 Qg5 18.
e5 Bd7 19. Rf4 O-O-O 20. Rxf7 h4 21. c5 Be8 22. Rf8 h3 23. g3 Bg6 24. Rxd8+ Qxd8 25. Bxg4 Be4 26. Rf1 Rh8 27. Bxe6+ Kb8 28. Rf4 Bg2 29.
Bc4 Qg5 30. e6 Re8 31. Qf2 Qh5 32. g4 Qg6 33. Rf8 Qb1+ 34. Bf1 Rxf8 35. Qxf8+ Kc7 36. Qf7+ Kc8 37. e7 Qxf1+ 38. Qxf1 Bxf1 39. e8=Q+ 1-0

[Event "*** Titled Tuesday Blitz"]
[Site "Chess.com"]
[Date "2020.11.10"]
[Round "6"]
[White "Grineva_Marianna"]
[Black "akanga001"]
[Result "1-0"]
[WhiteElo "2237"]
[BlackElo "1920"]
[TimeControl "180+1"]
[EndTime "11:09:55 PST"]
[Termination "Grineva_Marianna won by checkmate"]

1. e4 c6 2. d4 d5 3. e5 c5 4.
dxc5 e6 5. a3 Bxc5 6. Nf3 Nc6 7.
b4 Bb6 8. Bb2 Nh6 9. Be2 Nf5 10.
O-O h5 11. Nbd2 a6 12. Nb3 O-O 13. Qd2 h4 14. h3 Bd7 15. Nc5 Rb8 16. Rad1 Qe7 17.
Nxd7 Qxd7 18. c4 Rfd8 19. cxd5 exd5 20. Qg5 Ng3 21. Bd3 Qe7 22. Rfe1 Qxg5 23. Nxg5 g6 24. e6 fxe6 25. Rxe6 Ne4 26. Rxg6+ Kf8 27. Bxe4 dxe4 28. Bg7+ Ke8 29. Re6+ Ne7 30. Re1 Bc7 31. R6xe4 Bd6 32. Bf6 Rd7 33. Nf3 Kf7 34. Bxh4 Nf5 35. Ng5+ Kg6 36.
Re6+ Kh5 37. g3 Nxh4 38. gxh4 Kxh4 39. Nf3+ Kh5 40. R1e4 Rg8+ 41. Kf1 Bf8 42. Rh4# 1-0

[Event "*** Titled Tuesday Blitz"]
[Site "Chess.com"]
[Date "2020.11.10"]
[Round "6"]
[White "Vanina1989"]
[Black "Happy1712Drummer"]
[Result "0-1"]
[WhiteElo "2634"]
[BlackElo "2224"]
[TimeControl "180+1"]
[EndTime "11:09:56 PST"]
[Termination "Happy1712Drummer won on time"]

1. d4 e6 2. c4 c6 3. Nf3 d5 4. Nc3 Nf6 5. Bg5 Nbd7 6. e3 Qa5 7. Nd2 Bb4 8. Qc2 b6 9. Be2 Ba6 10. O-O dxc4 11. Bxf6 Nxf6 12. Bxc4 Bxc3 13. bxc3 O-O 14. e4 c5 15. Nb3 Qa4 16. Bxa6 Qxa6 17. e5 Nd5 18.
dxc5 Qc4 19. Rac1 bxc5 20. Rfe1 Qg4 21. f3 Qg5 22. Nxc5 Rfc8 23. Ne4 Qxe5 24. c4 Nf4 25. Rcd1 f5 26. Nf2 Qc5 27. Rc1 Rd8 28. Kh1 Rd4 29. g3 Ng6 30. Rxe6 Rad8 31. Qe2 Rd2 32.
Re8+ Rxe8 33. Qxe8+ Nf8 34. Nh3 Qd4 35. Rb1 Qd3 0-1

[Event "*** Titled Tuesday Blitz"]
[Site "Chess.com"]
[Date "2020.11.10"]
[Round "6"]
[White "klimkoj"]
[Black "Sergey85Rodchenkov"]
[Result "1-0"]
[WhiteElo "2635"]
[BlackElo "2469"]
[TimeControl "180+1"]
[EndTime "11:09:56 PST"]
[Termination "klimkoj won by resignation"]

1. e4 c5 2. Nf3 d6 3. d4 cxd4 4. Nxd4 Nf6 5. Nc3 a6 6. Be3 e5 7. Nb3 Be7 8. f3 Be6 9. Qd2 Qc7 10. O-O-O b5 11. g4 O-O 12. g5 b4 13.
Na4 Nfd7 14. f4 exf4 15. Bxf4 Ne5 16. Kb1 Nbd7 17. Nd4 Nc4 18. Bxc4 Qxc4 19. Nxe6 Qxe6 20. Bxd6 Ne5 21. Qxb4 Rab8 22. Qd4 Nf3 23. Qd5 Qxd6 24. Qxd6 Bxd6 25. Rxd6 Nxg5 26. Nc3 Rfe8 27. Rxa6 Nxe4 28. Nxe4 Rxe4 29. b3 Re2 30. Rc6 h5 31. a4 h4 32. a5 Re5 33. a6 Ra5 34. Kb2 g5 35. c3 Kg7 36. b4 Re5 37. Ra1 Ra8 38. c4 f5 39. b5 f4 40. b6 f3 41. b7 Rf8 42. a7 f2 43. b8=Q f1=Q 44. Qxe5+ 1-0

[Event "*** Titled Tuesday Blitz"]
[Site "Chess.com"]
[Date "2020.11.10"]
[Round "6"]
[White "Chamal_Gedgafov"]
[Black "Chessdude1987"]
[Result "0-1"]
[WhiteElo "2147"]
[BlackElo "2281"]
[TimeControl "180+1"]
[EndTime "11:09:57 PST"]
[Termination "Chessdude1987 won on time"]

1. d4 Nf6 2. c4 c5 3. d5 e6 4.
Nc3 exd5 5. cxd5 d6 6. Nf3 g6 7. Nd2 Na6 8. Nc4 Nc7 9. a4 b6 10. Bg5 Ba6 11. e4 h6 12. Bh4 g5 13. Bg3 Bxc4 14. Bxc4 Bg7 15. O-O O-O 16. Re1 Re8 17.
e5 dxe5 18. Bxe5 Qd7 19. Qf3 g4 20. Qd3 Nh5 21. Bxg7 Nxg7 22. Nb5 Rad8 23. d6 Nxb5 24. Bxb5 Rxe1+ 25. Rxe1 Qxd6 26. Qe4 Qd4 27. Qe7 Ne6 28. g3 Qd2 29. Re4 Ng5 30. Bc4 Nh3+ 31. Kh1 Nxf2+ 32. Kg1 Nh3+ 33. Kh1 Rf8 34. Rxg4+ Ng5 0-1

[Event "*** Titled Tuesday Blitz"]
[Site "Chess.com"]
[Date "2020.11.10"]
[Round "6"]
[White "GM_Crest"]
[Black "Hikaru"]
[Result "0-1"]
[WhiteElo "2737"]
[BlackElo "3201"]
[TimeControl "180+1"]
[EndTime "11:09:58 PST"]
[Termination "Hikaru won on time"]

1. d4 g6 2. c4 Bg7 3. Nc3 c5 4. d5 Bxc3+ 5. bxc3 f5 6. e4 fxe4 7. f3 e5 8. dxe6 Qe7 9. Bf4 Qxe6 10. Qd6 Nc6 11.
O-O-O Nf6 12. Ne2 exf3 13. gxf3 Qxd6 14. Bxd6 b6 15. Bh3 Kf7 16. Nf4 Ba6 17. Nd5 Bxc4 18. Nxf6 Kxf6 19. Bxd7 Ne5 20. Bh3 Nd3+ 21. Kc2 Nf2 22.
Rhe1 Nxh3 23. Be5+ Kf5 24. Bxh8 Rxh8 25. Rd7 Ng5 26.
Rxa7 Nxf3 27. Ree7 Rd8 28. Rxh7 Rd2+ 29. Kc1 Rxa2 30.
Rxa2 Bxa2 31. h3 Bb3 32. Rb7 c4 33. Rxb6 Ng5 34. Kd2 Nxh3 35. Ke3 Ng5 36. Rb5+ Kf6 37. Rb6+ Ne6 38. Ke4 Bd1 39. Kd5 Bf3+ 40. Kxc4 Kf5 41. Kd3 Nf4+ 42. Kd2 Bd5 43. Rb8 g5 44. Ke3 Be6 45.
Rf8+ Ke5 46. Re8 Nd5+ 47. Kd3 Nb6 48. Ke3 Nc4+ 49. Kf3 Nd6 50. Rb8 g4+ 51. Kg2 Nf5 52. Re8 Kf6 53. Kf2 Bd5 0-1

[Event "*** Titled Tuesday Blitz"]
[Site "Chess.com"]
[Date "2020.11.10"]
[Round "6"]
[White "xberli"]
[Black "kirillshevchenko"]
[Result "0-1"]
[WhiteElo "2535"]
[BlackElo "2857"]
[TimeControl "180+1"]
[EndTime "11:09:58 PST"]
[Termination "kirillshevchenko won on time"]

1. e4 c5 2. Nf3 d6 3. d4 cxd4 4. Nxd4 Nf6 5. Nc3 Nc6 6. Bg5 e6 7. Qd2 a6 8. O-O-O Bd7 9. f4 Be7 10. Kb1 b5 11. Bxf6 gxf6 12. Nxc6 Bxc6 13. Bd3 Qb6 14. Qe1 b4 15. Ne2 Rc8 16. Rf1 h5 17. f5 e5 18. Qh4 a5 19. Ng3 a4 20. Nxh5 Kf8 21. Rf3 Qd4 22. Rh3 a3 23. c3 bxc3 24. Bc2 Qc5 25. b3 d5 26. Qg4 Rg8 27. Qe2 dxe4 28.
Ng3 Rd8 29. Rh7 Rxd1+ 30. Qxd1 Qd4 31. Qh5 Qg1+ 32. Bd1 c2+ 33. Kxc2 Qc5+ 34. Kb1 Qd5 0-1

[Event "*** Titled Tuesday Blitz"]
[Site "Chess.com"]
[Date "2020.11.10"]
[Round "6"]
[White "Bastiandash"]
[Black "zajka-molotok"]
[Result "1-0"]
[WhiteElo "2367"]
[BlackElo "2505"]
[TimeControl "180+1"]
[EndTime "11:09:58 PST"]
[Termination "Bastiandash won on time"]

1. d4 Nf6 2. Nf3 e6 3. Bg5 c5 4. e3 h6 5. Bh4 Nc6 6. c3 d5 7.
Bd3 g5 8. Bg3 Nh5 9. Nbd2 Qb6 10. Rb1 Nxg3 11. hxg3 Bg7 12. Qe2 Bd7 13. O-O O-O-O 14.
dxc5 Qxc5 15. e4 g4 16. Nh2 h5 17. Rfe1 Ne5 18. b4 Qc7 19. c4 dxc4 20. Bxc4 Kb8 21. Rbc1 Qb6 22. a3 h4 23. Nhf1 Bh6 24. Rc2 hxg3 25.
Nxg3 Ba4 26. Bb3 Rxd2 27. Rxd2 Bxd2 28. Qxd2 Bxb3 29. Qc3 f6 30. Qxb3 a6 31. Qc3 Ka7 32. a4 Rd8 33. b5 Qd4 34. Qc2 Qd2 35. Qb1 1-0

[Event "*** Titled Tuesday Blitz"]
[Site "Chess.com"]
[Date "2020.11.10"]
[Round "6"]
[White "Vandros57"]
[Black "DinaBelenkaya"]
[Result "0-1"]
[WhiteElo "2194"]
[BlackElo "2319"]
[TimeControl "180+1"]
[EndTime "11:09:58 PST"]
[Termination "DinaBelenkaya won on time"]

1. d4 d5 2. Nf3 a6 3. e3 Nf6 4.
c4 dxc4 5. Bxc4 e6 6. O-O c5 7.
Qe2 b5 8. Bb3 Bb7 9. Nc3 Nbd7 10. Rd1 b4 11. Na4 Qc7 12. dxc5 Bxc5 13. Nxc5 Qxc5 14.
Bd2 O-O 15. Rac1 Qb6 16. Nd4 Nc5 17. f3 Nxb3 18. axb3 a5 19. Be1 Ba6 20. Qf2 Rfc8 21. Qg3 Nd5 22. Bf2 Qb7 23. e4 Nb6 24. h4 h6 25. Be3 Kh7 26. h5 Nd7 27. Ne2 Bxe2 28. Rd6 Rxc1+ 29. Bxc1 Qc7 30. Bf4 e5 31. Bxe5 Nxe5 32.
Qxe5 Qc1+ 33. Kh2 Qg5 34. Qd4 Qxh5+ 35. Kg1 Rc8 36. Qe3 Qc5 37. Qxc5 Rxc5 38. Kf2 Rc2 39. Ke3 Bf1 0-1

[Event "*** Titled Tuesday Blitz"]
[Site "Chess.com"]
[Date "2020.11.10"]
[Round "6"]
[White "KetiGrant"]
[Black "Orest_Vovk"]
[Result "0-1"]
[WhiteElo "2409"]
[BlackElo "2585"]
[TimeControl "180+1"]
[EndTime "11:09:59 PST"]
[Termination "Orest_Vovk won on time"]

1. e4 Nc6 2. Nf3 d5 3. exd5 Qxd5 4. Nc3 Qa5 5. d4 Bg4 6. h3 Bxf3 7. Qxf3 O-O-O 8. Bd3 e5 9. dxe5 Qxe5+ 10. Be3 Nf6 11.
O-O Bd6 12. g3 Nd4 13. Qg2 Nf5 14. Bxa7 Qa5 15. Nb5 Ne7 16. Bd4 Nc6 17. Bxf6 gxf6 18. Nxd6+ Rxd6 19. a3 h5 20. h4 Ne5 21. Be4 c6 22. b4 Qb6 23. Rfb1 Rd2 24. b5 Qc5 25.
bxc6 bxc6 26. Rb4 Ng4 27. Rf1 Kc7 28. Qf3 Re8 29. Qf4+ Qd6 30. Qxd6+ Rxd6 31. Rfb1 Rd2 32. Rb7+ Kd6 33. Bf3 Nxf2 34. R7b6 Rxc2 0-1

[Event "*** Titled Tuesday Blitz"]
[Site "Chess.com"]
[Date "2020.11.10"]
[Round "6"]
[White "ErikRonka"]
[Black "Mikhail_Golubev"]
[Result "0-1"]
[WhiteElo "2401"]
[BlackElo "2578"]
[TimeControl "180+1"]
[EndTime "11:09:59 PST"]
[Termination "Mikhail_Golubev won on time"]

1. e4 c5 2. Nf3 d6 3. Bb5+ Bd7 4. Bxd7+ Nxd7 5. O-O Ngf6 6. Qe2 e6 7. b3 g6 8. c3 Bg7 9. d4 O-O 10. Rd1 cxd4 11. cxd4 Rc8 12. Bd2 d5 13. e5 Ne4 14.
Bb4 Re8 15. Nfd2 f5 16. Nxe4 dxe4 17. Nd2 Nb6 18. Nc4 Nd5 19. Qd2 Bf8 20. Bxf8 Rxf8 21.
Nd6 Rc7 22. Rac1 b6 23. Rxc7 Qxc7 24. Rc1 Qg7 25. Rc8 Rxc8 26. Nxc8 Qc7 27. Nd6 Qc3 28.
Qd1 e3 29. fxe3 Nxe3 30. Qe2 Qc1+ 31. Kf2 Ng4+ 32. Kg3 Qc3+ 33. Qf3 Qe1+ 0-1

[Event "*** Titled Tuesday Blitz"]
[Site "Chess.com"]
[Date "2020.11.10"]
[Round "6"]
[White "Luklei18"]
[Black "PawnEatingZombie"]
[Result "1-0"]
[WhiteElo "2300"]
[BlackElo "2165"]
[TimeControl "180+1"]
[EndTime "11:09:59 PST"]
[Termination "Luklei18 won on time"]

1. e4 c6 2. Nc3 d5 3. Qe2 dxe4 4. Nxe4 Bf5 5. d3 e6 6. g4 Bg6 7. Bg2 Be7 8. h4 Bxh4 9. Rxh4 Qxh4 10. Nd6+ Kf8 11.
Bf4 Qe7 12. O-O-O Nf6 13. Nc4 Ne8 14. Nf3 Nd7 15. Qd2 h5 16. Rh1 Kg8 17. Nfe5 Nxe5 18. Nxe5 hxg4 19. Nxg6 Rxh1+ 20. Bxh1 fxg6 21. Bg5 Nf6 22. Be4 Qf7 23. Bg2 Nh7 24. Bf4 Rf8 25. Bg3 Nf6 26.
Qa5 b6 27. Qc3 Nd5 28. Qxc6 Nf4 29. Bf1 e5 30. Qe4 Qf5 31. Qc4+ Kh7 32. a4 Nh5 33. Be2 Nxg3 34. fxg3 Qg5+ 35. Kb1 Rf2 36. Bxg4 1-0

[Event "*** Titled Tuesday Blitz"]
[Site "Chess.com"]
[Date "2020.11.10"]
[Round "6"]
[White "thedjoker98"]
[Black "Funo09"]
[Result "0-1"]
[WhiteElo "2576"]
[BlackElo "2816"]
[TimeControl "180+1"]
[EndTime "11:10:00 PST"]
[Termination "Funo09 won by checkmate"]

1. d4 Nf6 2. c4 Nc6 3. Nf3 e6 4.
Nc3 Bb4 5. Qc2 O-O 6. g3 d6 7. a3 Bxc3+ 8. Qxc3 Qe7 9. Bg2 e5 10. dxe5 Nxe5 11. Nxe5 dxe5 12. O-O c6 13. b3 Bf5 14. Bb2 Rfe8 15. Rfd1 h6 16. h3 Rad8 17. Kh2 Nd7 18. Rd2 Nf8 19. Rad1 f6 20. b4 Rxd2 21. Rxd2 Rd8 22.
a4 Rxd2 23. Qxd2 Bd7 24. Qc3 Ne6 25. e3 Ng5 26. b5 Ne6 27. Ba3 Qd8 28. a5 a6 29. bxa6 bxa6 30. Bd6 Be8 31. c5 Nc7 32. Bf1 Nb5 33. Bxb5 cxb5 34. Qb4 Bc6 35. Qg4 Qe8 36.
e4 Bd7 37. Qd1 Bc6 38. Qg4 h5 39. Qe2 Qe6 40. f3 Kh7 41. g4 h4 42. Qf2 g5 43.
Qe2 Qc4 44. Qd2 b4 45. Be7 b3 46. Bxf6 Qf1 47. Qxg5 Qf2+ 48. Kh1 Qxf3+ 49. Kg1 Qg3+ 50. Kf1 Bb5# 0-1

[Event "*** Titled Tuesday Blitz"]
[Site "Chess.com"]
[Date "2020.11.10"]
[Round "6"]
[White "olksuna"]
[Black "geordie_derraugh"]
[Result "1-0"]
[WhiteElo "2629"]
[BlackElo "2465"]
[TimeControl "180+1"]
[EndTime "11:10:01 PST"]
[Termination "olksuna won by checkmate"]

1. e4 c5 2. Nf3 e6 3. c3 Nf6 4. e5 Nd5 5. a3 Nc6 6. d4 cxd4 7. cxd4 d6 8. Bd3 Be7 9. O-O O-O 10. Qe2 dxe5 11. dxe5 b6 12. Qe4 g6 13. Bh6 Re8 14. Nbd2 Bb7 15. Rad1 Qc7 16. Rfe1 Rad8 17. h4 Ndb4 18. Bb1 Nd4 19. Qg4 Nf5 20. Bg5 Nd3 21.
Bxd3 Rxd3 22. Bxe7 Qxe7 23. Ne4 Red8 24. Rxd3 Rxd3 25.
h5 Bxe4 26. Qxe4 Rd5 27. Rc1 gxh5 28. Rc8+ Kg7 29. Kh2 Qd7 30. Ra8 Qb7 31. Re8 Qd7 32. Ra8 Nd4 33. Qf4 Nxf3+ 34. gxf3 Qe7 35. Qg3+ Kh6 36.
Rg8 Rd4 37. f4 f5 38. Qg5+ Qxg5 39. fxg5# 1-0

[Event "*** Titled Tuesday Blitz"]
[Site "Chess.com"]
[Date "2020.11.10"]
[Round "6"]
[White "Volodar_Murzin"]
[Black "03revilo"]
[Result "1-0"]
[WhiteElo "2554"]
[BlackElo "2358"]
[TimeControl "180+1"]
[EndTime "11:10:01 PST"]
[Termination "Volodar_Murzin won by resignation"]

1. d4 Nf6 2. Nf3 e6 3. Bg5 d5 4.
Nbd2 Be7 5. e3 Nbd7 6. c4 c6 7. Bd3 O-O 8. O-O dxc4 9. Nxc4 b5 10. Nce5 Bb7 11. Rc1 Rc8 12. Nxd7 Nxd7 13. Bxe7 Qxe7 14. Nd2 a6 15. Nb3 c5 16. dxc5 Nxc5 17. Bxh7+ Kxh7 18. Qh5+ Kg8 19. Rxc5 Bd5 20. Rfc1 Rxc5 21. Nxc5 Rc8 22.
b4 Bxa2 23. Ra1 Bd5 24. Rxa6 Qb7 25. Ra1 Ra8 26. Rd1 Qc6 27. Qg4 Ra2 28. e4 f5 29.
exd5 Qd6 30. Qf3 exd5 31. g3 d4 32. Qb3+ Kh7 33. Qxa2 f4 34. Qc2+ Kh8 35. Qd3 Qf6 36.
Kg2 fxg3 37. hxg3 Qe5 38. Rh1+ Qh5 39. Rxh5+ 1-0

[Event "*** Titled Tuesday Blitz"]
[Site "Chess.com"]
[Date "2020.11.10"]
[Round "6"]
[White "malakismayil"]
[Black "AttractiveMustard"]
[Result "0-1"]
[WhiteElo "2231"]
[BlackElo "2396"]
[TimeControl "180+1"]
[EndTime "11:10:01 PST"]
[Termination "AttractiveMustard won by resignation"]

1. e4 c5 2. Nf3 Nc6 3. Bb5 d6 4.
c3 Nf6 5. Qe2 Bd7 6. d4 cxd4 7.
cxd4 d5 8. e5 Ne4 9. O-O e6 10. Bd3 Be7 11. Bxe4 dxe4 12. Qxe4 Nb4 13. a3 Bc6 14. Qe2 Bxf3 15. gxf3 Nd5 16. Nc3 O-O 17.
Kh1 Rc8 18. Ne4 Qc7 19. Bd2 Qc4 20. Qxc4 Rxc4 21. Bc3 Rfc8 22. Rad1 Kf8 23. Rd3 Ke8 24. Rg1 g6 25. Rgd1 b5 26. Kg1 Kd7 27. Kf1 Kc6 28. R3d2 Kb6 29. Ke2 a5 30. Kf1 b4 31. axb4 axb4 32. b3 Rxc3 33. Nxc3 bxc3 34. Rc2 Nb4 35. Rcc1 c2 36. Rd2 Bg5 37. f4 Bxf4 38. Ke2 Rc3 39.
Ke1 Kc6 40. Ke2 Kd5 41. Ke1 Bxd2+ 42. Kxd2 Rd3+ 43. Ke2 Kxd4 44. f3 Kc3 45. f4 Kb2 46. Re1 c1=Q 47. Rxc1 Kxc1 0-1

[Event "*** Titled Tuesday Blitz"]
[Site "Chess.com"]
[Date "2020.11.10"]
[Round "6"]
[White "Malysch"]
[Black "AliKa2810"]
[Result "0-1"]
[WhiteElo "2408"]
[BlackElo "2569"]
[TimeControl "180+1"]
[EndTime "11:10:02 PST"]
[Termination "AliKa2810 won by resignation"]

1. e4 c6 2. d4 d5 3. exd5 cxd5 4.
Bd3 Nc6 5. c3 Qc7 6. Ne2 Nf6 7.
O-O Bg4 8. Qe1 e6 9. f3 Bh5 10. Qh4 Be7 11. Nf4 g6 12. g4 Nxg4 13. Qg3 Nge5 14.
Nxh5 gxh5 15. dxe5 O-O-O 16. Kh1 Qxe5 17. Qxe5 Nxe5 18.
Bc2 h4 19. Nd2 h5 20. Nb3 Rhg8 21. Nd4 Bd6 22. Bf4 h3 23. Rae1 Nc4 24. Bxd6 Rxd6 25.
b3 Nb6 26. Rg1 Rdd8 27. Rg4 hxg4 28. fxg4 Rxg4 29. Nf3 Rdg8 30. Ne5 R4g7 31. Rf1 Nd7 32. Nxf7 Kc7 33. Nh6 Rh8 34. Rf6 Nxf6 35. Nf5 exf5 36. Bxf5 Re8 37. Bxh3 Re1+ 0-1

[Event "*** Titled Tuesday Blitz"]
[Site "Chess.com"]
[Date "2020.11.10"]
[Round "6"]
[White "Sadykov_Ramil"]
[Black "lider34"]
[Result "0-1"]
[WhiteElo "2546"]
[BlackElo "2415"]
[TimeControl "180+1"]
[EndTime "11:10:02 PST"]
[Termination "lider34 won on time"]

1. d4 Nf6 2. Nc3 g6 3. e4 d6 4. Be3 Bg7 5. Qd2 c6 6. h3 Nbd7 7. f4 e5 8. Nf3 Qc7 9. dxe5 dxe5 10. fxe5 Nxe5 11. Nxe5 Qxe5 12. Bf4 Qe6 13. Bd6 Nxe4 14. Nxe4 Qxe4+ 15. Be2 Be5 16. O-O-O Bxd6 17. Qxd6 Be6 18.
Bf3 Qa4 19. Rhe1 Qxa2 20. Rd4 Qa1+ 21. Kd2 Qa5+ 22. b4 Qg5+ 23. Kc3 Qe7 24. Bxc6+ bxc6 25. Qxc6+ Kf8 26. Qxa8+ Kg7 27. Qe4 Rc8+ 28. Kd2 Qg5+ 29. Kd1 Bf5 30. Qe5+ Kg8 31. Rd2 Rd8 32. Rxd8+ Qxd8+ 33.
Kc1 Qg5+ 34. Kb2 Qxg2 35. Qc3 Qa8 36. Re7 Qf8 0-1

[Event "*** Titled Tuesday Blitz"]
[Site "Chess.com"]
[Date "2020.11.10"]
[Round "6"]
[White "horripile"]
[Black "Brave_spirit12"]
[Result "1-0"]
[WhiteElo "2674"]
[BlackElo "2495"]
[TimeControl "180+1"]
[EndTime "11:10:03 PST"]
[Termination "horripile won by checkmate"]

1. e4 e6 2. d4 d5 3. Nd2 c5 4. Ngf3 Nc6 5. exd5 exd5 6. Bb5 Bd6 7. O-O Ne7 8. dxc5 Bxc5 9. Nb3 Bd6 10. Nfd4 O-O 11. c3 Ne5 12. Re1 Bg4 13. Be2 Bxe2 14. Rxe2 Re8 15. Bf4 N7c6 16. Bxe5 Bxe5 17. Nf3 Qd6 18.
Qd3 Re7 19. Rae1 Rae8 20. g3 g6 21. a4 h5 22. Kg2 Kg7 23. Rd1 Rd8 24. Qb5 a6 25. Qc5 Qxc5 26. Nxc5 Bd6 27. Rxe7 Bxe7 28. Nb3 Bf6 29. h3 b5 30. axb5 axb5 31. Nbd4 Ne7 32. g4 hxg4 33. hxg4 g5 34. b3 Rb8 35. Rh1 b4 36.
cxb4 Rxb4 37. Rd1 Kg6 38. Rd3 Nc8 39. Kh3 Nd6 40. Nc6 Rb5 41. Nfe5+ Bxe5 42. Nxe5+ Kf6 43.
Nf3 Ne4 44. Kg2 Ke7 45. Nd4 Rb6 46. f3 Nc5 47. Rc3 Ne6 48. Nf5+ Kf6 49. Kf2 Nf4 50. Ke3 Re6+ 51. Kf2 Re2+ 52. Kf1 Rb2 53. Re3 Nh3 54. Nd4 Nf4 55. Rc3 Rb1+ 56. Kf2 Rb2+ 57. Rc2 Rxc2+ 58.
Nxc2 Ke5 59. Ke3 Ng2+ 60. Kd2 Nf4 61. b4 Ne6 62. Ne1 Kf4 63. Ke2 Nd4+ 64. Kf2 Nb5 65. Nd3# 1-0

[Event "*** Titled Tuesday Blitz"]
[Site "Chess.com"]
[Date "2020.11.10"]
[Round "6"]
[White "GothamChess"]
[Black "BigAl"]
[Result "1-0"]
[WhiteElo "2643"]
[BlackElo "2481"]
[TimeControl "180+1"]
[EndTime "11:10:03 PST"]
[Termination "GothamChess won on time"]

1. c4 Nf6 2. Nc3 g6 3. e4 d6 4. d4 Bg7 5. Be2 O-O 6. Be3 c5 7. d5 e6 8. Nf3 exd5 9. exd5 Bf5 10. O-O Ne4 11. Nxe4 Bxe4 12. Ng5 Bf5 13. Bd3 Bxd3 14. Qxd3 Nd7 15. Bf4 Ne5 16. Qh3 h5 17. b3 Ng4 18.
Rae1 Qf6 19. Qg3 Qf5 20. Bxd6 Qxg5 21. Bxf8 h4 22. Be7 hxg3 23. Bxg5 gxf2+ 24. Rxf2 Bd4 25. Bh4 g5 26. h3 Ne5 27. Bg3 Nd3 28. Rd1 Nb4 29.
Rxd4 cxd4 30. a3 Na6 31. Rf5 Nc5 32. Rxg5+ Kh7 33. b4 Ne4 34. Rg4 Nc3 35. Be5 Re8 36. Bxd4 Nd1 37. Rf4 Kg6 38. d6 b6 39. c5 1-0

[Event "*** Titled Tuesday Blitz"]
[Site "Chess.com"]
[Date "2020.11.10"]
[Round "6"]
[White "julinha97"]
[Black "A-S-00"]
[Result "0-1"]
[WhiteElo "2173"]
[BlackElo "2350"]
[TimeControl "180+1"]
[EndTime "11:10:03 PST"]
[Termination "A-S-00 won by resignation"]

1. e4 c5 2. Nf3 g6 3. d4 cxd4 4. Nxd4 Bg7 5. c4 Nc6 6. Be3 Nf6 7. Nc3 d6 8. Be2 O-O 9. O-O Bd7 10. h3 Rc8 11. Nc2 Ne5 12. b3 a6 13. f4 Nc6 14. Rc1 Nh5 15. Nd5 Ng3 16. Re1 Nxe2+ 17.
Qxe2 e6 18. Nb6 Rb8 19. Red1 Qe7 20. c5 d5 21. exd5 exd5 22. Nxd5 Qe4 23. Qf2 Be6 24.
Nb6 Rbd8 25. Ne1 Nd4 26. Kh2 Nf5 27. Bd2 Bb2 28. Rc2 Bd4 29. Qf3 Qxf3 30. Nxf3 Ne3 31. Bxe3 Bxe3 32. Rxd8 Rxd8 33. Kg3 h5 34. Ne5 Bf5 35.
Re2 Bxc5 36. Nbc4 b5 37. Ne3 Be6 38. Kf3 Kg7 39. g4 hxg4+ 40. hxg4 f6 41. Nc6 Rd3 42.
b4 Bd5+ 43. Kf2 Bxe3+ 44. Ke1 Bxc6 45. Rc2 Bf3 46. Rc7+ Kh6 47. g5+ fxg5 48. fxg5+ Kxg5 0-1

[Event "*** Titled Tuesday Blitz"]
[Site "Chess.com"]
[Date "2020.11.10"]
[Round "6"]
[White "Kristina_Kim"]
[Black "The_Machine04"]
[Result "0-1"]
[WhiteElo "2175"]
[BlackElo "2298"]
[TimeControl "180+1"]
[EndTime "11:10:03 PST"]
[Termination "The_Machine04 won on time"]

1. d4 d6 2. c4 e5 3. Nc3 exd4 4. Qxd4 Nc6 5. Qd1 g6 6. e3 Bg7 7. Bd3 Nge7 8. Nge2 O-O 9. O-O Bf5 10. b3 Bxd3 11. Qxd3 Ne5 12. Qc2 f5 13. Bb2 h6 14. Nd5 Nxd5 15.
cxd5 Rf7 16. Nf4 Kh7 17. Ne6 Qe7 18. f4 Ng4 19. Rfe1 Bxb2 20. Qxb2 c5 21. e4 fxe4 22.
Rxe4 Qf6 23. Qxf6 Nxf6 24. Re2 Nxd5 25. Rd2 Re8 26. Rxd5 Rxe6 27. g3 Kg7 28. Rad1 Rd7 29. Kf2 b6 30. a3 Kf6 31. Kf3 Ke7 32. g4 Rd8 33. b4 Rc8 34. bxc5 Rxc5 35. f5 gxf5 36.
gxf5 Rf6 37. Rxc5 dxc5 38. Kf4 b5 39. Rd5 Rc6 40. Rd3 c4 41. Rc3 Kf6 0-1